 Dungeon Crawl Stone Soup version bcrawl-1.21.2-28-g2cb1824106 (webtiles) character file.

Game seed: 6501730510334418253

12 An17 the Chiller (level 2, -1/20 HPs)
             Began as a Demigod Ice Elementalist on Mar 22, 2020.
             Slain by a kobold (3 damage)
             ... on level 1 of the Dungeon.
             The game lasted 00:02:59 (159 turns).

An17 the Chiller (Demigod Ice Elementalist)          Turns: 159, Time: 00:03:00

Health: -1/20      AC:  2    Str: 12    XL:     2   Next: 20%
Magic:  4/7        EV: 12    Int: 19    God:    Demigod [......]
Gold:   0          SH:  0    Dex: 17    Spells: 3/4 levels left

rFire    . . .     SeeInvis .   (no weapon)
rCold    . . .     Gourm    .   (no shield)
rNeg     . . .     Faith    .   a - +0 robe
rPois    .         Spirit   .   (no helmet)
rElec    .         Reflect  .   (no cloak)
rCorr    .         Harm     .   (no gloves)
MR       .....                  (no boots)
Stlth    ++........             (no amulet)
HPRegen  0.06/turn              (no ring)
MPRegen  0.10/turn              (no ring)

@: no status effects
A: high mp 1
a: no special abilities


You were on level 1 of the Dungeon.
You worshipped Demigod.
Demigod was noncommittal.
You were not hungry.

You visited 1 branch of the dungeon, and saw 1 of its levels.

Inventory:

Armour
 a - a +0 robe (worn)
Wands
 c - a wand of iceblast (1)
Scrolls
 b - a scroll of identify {unknown}
Potions
 d - a potion of curing {unknown}
Comestibles
 e - a ration {!d}


   Skills:
 + Level 1.9 Dodging
 + Level 2.0 Stealth
 + Level 1.9 Spellcasting
   Level 0.8 Conjurations
 + Level 3.1 Ice Magic


You had 3 spell levels left.
You knew the following spells:

 Your Spells              Type           Power        Failure   Level  Hunger
a - Freeze                Ice            ##....       4%          1    #......

Your spell library contained the following spells:

 Spells                   Type           Power        Failure   Level  Hunger
 Throw Frost              Conj/Ice       #.....       4%          2    ###....
 Ozocubu's Armour         Chrm/Ice       #.......     26%         3    ###....
 Throw Icicle             Conj/Ice       #.......     58%         4    #####..
 Summon Ice Beast         Ice/Summ       #.......     65%         4    #####..


Dungeon Overview and Level Annotations

Branches:
Dungeon (1/12)


Innate Abilities, Weirdness & Mutations

You have an increased reservoir of magic. (+10% MP)


Message History

The kobold is moderately wounded.
The kobold barely misses you.
You hit the kobold but do no damage.
The kobold is moderately wounded.
The kobold hits you.
* * * LOW HITPOINT WARNING * * *
You closely miss the kobold.
The kobold is moderately wounded.
The kobold hits you but does no damage.
You closely miss the kobold.
The kobold is moderately wounded.
The kobold barely misses you.
You miss the kobold.
The kobold is moderately wounded.
The kobold closely misses you.
You barely miss the kobold.
The kobold is moderately wounded.
The kobold hits you.
You die...
Your divinity fades.

#.†......# #.....)..#
..###........#
.............#
.............#
#.....####..#######. ##
g.................?...
#####.....#..######.#####
#..'..........@Kgg.....K
#.##..)..##.#####......#
#.##.†...##.# ......#
###.##.....##.# ......#
....##.....##.. ...g...
######.....###. ...b... #
#.....# .. g...... #
#.....# #.####. # #.....#


You could see 2 hobgoblins and a kobold.

Vanquished Creatures
  2 leopard geckos (D:1)
  3 bats (D:1)
  2 hobgoblins (D:1)
  A quokka (D:1)
  2 frilled lizards (D:1)
10 creatures vanquished.

Notes
Turn   | Place    | Note
-------+----------+-------------------------------------------
     0 | D:1      | An17 the Demigod Ice Elementalist began the quest for the
                  | Orb.
     0 | D:1      | Reached XP level 1. HP: 14/14 MP: 5/5
     4 | D:1      | Noticed an elf
     6 | D:1      | Noticed a spriggan
     6 | D:1      | Noticed a centaur
     8 | D:1      | Noticed a formicid
    10 | D:1      | Noticed a demonspawn
    10 | D:1      | Noticed a gargoyle
    12 | D:1      | Noticed a draconian
    12 | D:1      | Noticed a naga
    14 | D:1      | Noticed a vampire
    14 | D:1      | Noticed a tengu
    16 | D:1      | Noticed a minotaur
    26 | D:1      | Noticed an ogre
    26 | D:1      | Noticed a merfolk
    28 | D:1      | Noticed a human
    28 | D:1      | Noticed a dwarf
    30 | D:1      | Noticed an octopode
    32 | D:1      | Noticed a halfling
    32 | D:1      | Noticed a ghoul
    34 | D:1      | Noticed a troll
    34 | D:1      | Noticed a demigod
    36 | D:1      | Noticed a vine stalker
    36 | D:1      | Noticed a felid
   104 | D:1      | Reached skill level 3 in Ice Magic
   104 | D:1      | Reached XP level 2. HP: 13/20 MP: 0/7
   159 | D:1      | Slain by a kobold

Skill      XL: |  1 |
---------------+----+-----
Ice Magic      | 3 |  3.1
Dodging        | |  1.9
Stealth        | |  2.0
Spellcasting   | |  1.9
Conjurations   | |  0.8

Action                   || total
-------------------------++-------
Melee: Unarmed           ||    36
 Cast: Freeze            ||    10
Armor: Robe              ||     9
Dodge: Dodged            ||    30
